 Dungeon Crawl Stone Soup version 0.30-a0-953-g5f1da4a474 (webtiles) character file.

Game seed: 1329723956712419171

120 Jackthecabe the Grasshopper (level 4, -2/36 HPs)
             Began as a Draconian Warper on Mar 28, 2023.
             Killed from afar by an orc wizard (5 damage)
             ... with a puff of flame
             ... on level 3 of the Dungeon.
             The game lasted 00:03:35 (2732 turns).

Jackthecabe the Grasshopper (Draconian Warper)      Turns: 2732, Time: 00:03:35

Health: -2/36      AC:  5    Str: 14    XL:     4   Next: 75%
Magic:  7/7        EV: 12    Int: 15    God:
Gold:   213        SH:  0    Dex: 10    Spells: 2/7 levels left

rFire   . . .      SeeInvis .    a - +0 falchion
rCold   . . .      Faith    .    (no shield)
rNeg    . . .      Spirit   .    (body armour unavailable)
rPois   .          Reflect  .    (helmet restricted)
rElec   .          Rampage  .    (no cloak)
rCorr   .                        (no gloves)
Will    .....                    (no boots)
Stlth   +                        (no amulet)
HPRegen 0.26/turn                (no ring)
MPRegen 0.10/turn                (no ring)

@: no status effects
A: AC +5, unfitting armour, cold-blooded
a: no special abilities


You were on level 3 of the Dungeon.
You visited 1 branch of the dungeon, and saw 3 of its levels.

You collected 213 gold pieces.


Innate Abilities, Weirdness & Mutations

Your plain brown scales are hard. (AC +5)
You cannot fit into any form of body armour.
You are cold-blooded and may be slowed by cold attacks.


   Skills:
 - Level 2.1 Fighting
 - Level 4.0 Long Blades
 - Level 0.8 Throwing
 - Level 2.1 Dodging
 - Level 2.0 Spellcasting
 - Level 1.0 Conjurations
 - Level 4.0 Translocations
 + Level 0.5 Air Magic


You had 2 spell levels left.
You knew the following spells:

 Your Spells              Type           Power      Damage    Failure   Level
B - Blink                 Tloc           26%        N/A       6%          2
X - Vhi's Electric Charg  Tloc/Air       16%        N/A       26%         3

Your spell library contained the following spells:

 Spells                   Type           Power      Damage    Failure   Level
 Lesser Beckoning         Tloc           26%        N/A       6%          2
 Slow                     Hex            4%         N/A       22%         1
 Sublimation of Blood     Necr           1%         N/A       32%         2
 Teleport Other           Tloc           13%        N/A       13%         3
 Kindle Blastsparks       Fire/Tloc/Air  12%        2d11      34%         3
 Manifold Assault         Tloc           13%        N/A       38%         4
 Confusing Touch          Hex            1%         N/A       54%         3
 Vampiric Draining        Necr           1%         2d6       54%         3
 Ignition                 Fire           0%         3d3       100%        8

Inventory:

Hand Weapons
 a - a +0 falchion (weapon)
Missiles
 c - 7 boomerangs of dispersal (quivered) {=f}
 h - 2 throwing nets {=f}
Magical Staves
 s - a staff of poison {!a}
 w - a staff of conjuration {!a}
Wands
 t - a wand of iceblast (1)
Scrolls
 b - 3 scrolls of blinking
 d - 2 scrolls of poison {unknown}
 f - 2 scrolls of identify {unknown}
 i - a scroll of magic mapping {unknown}
 j - 3 scrolls of teleportation {unknown}
 l - a scroll of noise {unknown}
 o - 3 scrolls of amnesia {unknown}
 q - a scroll of fog {unknown}
Potions
 e - 2 potions of berserk rage {unknown}
 g - a potion of brilliance {unknown}
 k - a potion of cancellation {unknown}
 m - a potion of heal wounds {unknown}
 n - a potion of flight {unknown}
 p - a potion of degeneration {unknown}
 r - a potion of lignification {unknown}
 u - a potion of invisibility {unknown}
 v - a potion of ambrosia {unknown}
 x - a potion of curing {unknown}

Dungeon Overview and Level Annotations

Branches:
Dungeon (3/15)

Altars:
Wu Jian

Annotations:
D:3 Ijyb

≈▒ #..g..........▒ ≈▒
#######.......▒ ≈▒ #........▒ ≈▒
#........▒▒ ≈▒ #..>......▒ ≈▒
#.........### ≈▒ #............
▓▒▒▒▒▒▒▒▒▒###...{...###
▓▓≈≈≈≈≈≈≈▒..##.)@..##
........≈▒#.####..##
▓▓≈≈≈≈≈≈≈▒#...##.####
▓▒▒▒▒▒▒▒▒▒###.......## ≈▒..##
#...###..## #######
≈▒...########.######..#####.....#
≈▒.)<...........[...........)...#
≈▒.########...########...##.....#
≈▒.# ##....# ###)##.....#


There were no monsters in sight!


Message History

You hit something. Something hits you but does no damage.
You closely miss something. Something barely misses you.
You miss something. Something hits you.
You hit something but do no damage. Something hits you.
You closely miss something. Something hits you but does no damage.
You hit something.
You hear some strange, mumbled words.
A magic dart appears from out of thin air!
The magic dart hits you.
* * * LOW HITPOINT WARNING * * *
You miss something. You tail-slap something. Something hits you.
* * * LOW HITPOINT WARNING * * *
You barely miss something. Something hits you.
* * * LOW HITPOINT WARNING * * *
Something hits you.
* * * LOW HITPOINT WARNING * * *
You closely miss something. Something hits you but does no damage.
You barely miss something. Something hits you.
* * * LOW HITPOINT WARNING * * *
You closely miss something.
You hear some strange, mumbled words.
A magic dart appears from out of thin air!
The magic dart hits you!
* * * LOW HITPOINT WARNING * * *
You hit something but do no damage. Something hits you but does no damage.
You barely miss something. You punch something.
You hear some strange, mumbled words.
A puff of flame appears from out of thin air!
The puff of flame hits you.
You die...

Skill      XL: |  1  2  3  4 |
---------------+-------------+-----
Long Blades    | 3 4 |  4.0
Translocations | 4 |  4.0
Conjurations   | 1 |  1.0
Fighting       | |  2.1
Throwing       | |  0.8
Dodging        | |  2.1
Spellcasting   | |  2.0
Air Magic      | |  0.5

Action                     |  1- 3 |  4- 6 || total
---------------------------+-------+-------++-------
  Melee: Falchion          |   145 |    66 ||   211
         Tailslap          |     9 |     7 ||    16
         Punch             |     1 |     1 ||     2
   Stab: Sleeping          |     1 |     1 ||     2
 Armour: Skin              |    71 |    35 ||   106
  Dodge: Dodged            |   139 |    53 ||   192

Levels and vault maps discovered:
D:1:      ncdulo_lavacross, layout_loops_corners, hangedman_decor_push
D:2:      minmay_roachtagon, layout_basic
D:3:      layout_rooms, pdpol_wu_jian_five_deadly_venoms,
          lightli_temple_of_fire, kennysheep_cross_bottleneck, uniq_ijyb

Notes
Turn   | Place    | Note
-------+----------+-------------------------------------------
     0 | D:1      | Jackthecabe the Draconian Warper began the quest for the
                  | Orb.
     0 | D:1      | Reached XP level 1. HP: 17/17 MP: 3/3
   500 | D:1      | Reached XP level 2. HP: 24/24 MP: 5/5
   567 | D:1      | Learned a level 2 spell: Blink
   922 | D:2      | Got the Book of Smouldering Unspeakable Arts
   966 | D:2      | Reached skill level 3 in Long Blades
  1118 | D:2      | Reached XP level 3. HP: 29/29 MP: 6/6
  1818 | D:3      | Noticed Ijyb
  2075 | D:3      | Found an ornate altar of the Wu Jian Council.
  2152 | D:3      | Reached XP level 4. HP: 36/36 MP: 7/7
  2219 | D:3      | Reached skill level 4 in Translocations
  2366 | D:3      | Reached skill level 4 in Long Blades
  2366 | D:3      | Reached skill level 1 in Conjurations
  2370 | D:3      | Learned a level 3 spell: Vhi's Electric Charge
  2730 | D:3      | HP: 3/36 [something/magic dart (10)]
  2732 | D:3      | Killed from afar by an orc wizard

Vanquished Creatures
  An orc priest (D:3)
  4 adders
  2 orcs (D:3)
  5 endoplasms
  12 giant cockroaches (D:2)
  3 goblins
  2 hobgoblins
  2 jackals (D:2)
  7 kobolds
  4 bats
  2 frilled lizards
  3 rats
47 creatures vanquished.

Table legend: (Time is in decaauts)
 A = Elapsed time spent in this place.
 B = Non-inter-level travel time spent in this place.
 C = Inter-level travel time spent in this place.
 D = Time resting spent in this place.
 E = Time spent auto-exploring this place.
 F = Levels seen in this place.
 G = Mean time per level.
                   A        B        C        D        E       F      G
               +--------+--------+--------+--------+--------+-----+--------+
         Total |   2775 |   2657 |    118 |    214 |   1940 |   3 |  925.0 |
       Dungeon |   2775 |   2657 |    118 |    214 |   1940 |   3 |  925.0 |
               +--------+--------+--------+--------+--------+-----+--------+

Top non-repeatable levels by time:
     D:2: 1183 daAuts
     D:1: 883 daAuts
     D:3: 709 daAuts

Table legend:
 A = Non-vault XP
 B = Vault XP
 C = Vault XP percentage of total XP
 D = Non-vault monster count
 E = Vault monster count
 F = Vault count percentage of total count
                 A         B        C        D         E       F
            +---------+---------+-------+---------+---------+-------
      Total |     150 |      22 |  12.8 |      36 |      11 |  23.4
            +---------+---------+-------+---------+---------+-------
        D:1 |      13 |       0 |   0.0 |       8 |       0 |   0.0
        D:2 |      31 |      22 |  41.5 |      12 |      11 |  47.8
        D:3 |     106 |       0 |   0.0 |      16 |       0 |   0.0
            +---------+---------+-------+---------+---------+-------
